AoeStats
← SleepyDango

African Clearing

510833311Analyzed
3v3 RM · 13h ago on Oct 2, 2026· 60m 43s· 6 players
Game mode
Random Map
Map size
Normal (6 player)
Population
200
Speed
Normal
Resources
Standard
Victory
Conquest
Starting age
Dark Age
Ending age
Imperial Age
RankedLock teamsTeams togetherTeam positionsShared explorationLock speedFull tech treeHidden civsTurbo modeCheats
Victory
Defeat
🇨🇭 Saracens · Switzerland
1053
+16
🇳🇴 Byzantines · Norway
1007
+18
🇩🇪 Japanese · Germany
905
+23
🇬🇧 Bengalis · United Kingdom
1063
-19
🇬🇧 Persians · United Kingdom
1053
-19
🇬🇧 Koreans · United Kingdom
1053
-19
andenore
13:57 Feudal Age
14:44 Double-Bit Axe
20:46 Castle Age
20:44 Horse Collar
21:41 Husbandry
22:15 Heavy Plow
22:14 Loom
21:52 Light Cavalry
26:26 Wheelbarrow
28:22 Forging
29:06 Stone Mining
37:08 Greek Fire
37:44 Hand Cart
37:47 Gold Mining
38:35 Stone Shaft Mining
38:27 Scale Barding Armor
38:31 Pikeman
39:11 Squires
41:28 Iron Casting
42:11 Gold Shaft Mining
41:59 Chain Barding Armor
41:41 Scale Mail Armor
44:54 Imperial Age
45:57 Halberdier
46:28 Elite Varangian Guard
50:32 Crop Rotation
50:39 Plate Barding Armor
50:20 Chain Mail Armor
50:46 Heavy Camel Rider
50:47 Hussar
50:51 Elite Cataphract
51:43 Logistica
53:30 Chemistry
54:07 Plate Mail Armor
55:20 Fletching
55:31 Padded Archer Armor
56:53 Bodkin Arrow
57:14 Leather Archer Armor
56:58 Murder Holes
57:15 Fortified Wall
58:15 Bow Saw
58:51 Arson
datomasra
13:09 Feudal Age
15:33 Loom
18:33 Castle Age
17:32 Stone Mining
21:45 Forging
22:59 Wheelbarrow
24:26 Gold Mining
26:18 Gold Shaft Mining
26:33 Horse Collar
28:38 Iron Casting
28:35 Scale Barding Armor
31:45 Bloodlines
31:52 Husbandry
31:45 Double-Bit Axe
33:18 Chain Barding Armor
38:12 Imperial Age
38:51 Elite Mameluke
39:59 Hand Cart
39:30 Town Watch
40:49 Conscription
42:26 Blast Furnace
47:49 Plate Barding Armor
Johnny_von_Cash
4:42 Loom
18:51 Feudal Age
20:19 Wheelbarrow
19:29 Town Watch
20:19 Fletching
21:46 Scale Mail Armor
23:23 Forging
24:53 Man-at-Arms
25:20 Arson
26:19 Horse Collar
35:35 Castle Age
34:09 Padded Archer Armor
33:56 Double-Bit Axe
36:59 Bow Saw
38:12 Squires
39:50 Bodkin Arrow
42:07 Hand Cart
54:49 Town Patrol
56:06 Chain Mail Armor
56:37 Iron Casting
56:26 Ballistics
58:23 Fortified Wall
King Cloon
5:17 Loom
12:51 Feudal Age
13:15 Man-at-Arms
14:57 Arson
19:06 Forging
22:39 Horse Collar
22:46 Double-Bit Axe
23:23 Scale Barding Armor
28:16 Castle Age
30:30 Fletching
31:11 Bodkin Arrow
36:10 Scale Barding Armor
40:20 Bow Saw
40:13 Heavy Plow
45:02 Chain Barding Armor
45:17 Iron Casting
45:34 Husbandry
47:59 Gold Mining
48:06 Stone Mining
49:44 Kamandaran
50:02 Padded Archer Armor
53:42 Imperial Age
51:48 Wheelbarrow
50:59 Town Watch
52:20 Gold Shaft Mining
52:23 Stone Shaft Mining
52:09 Leather Archer Armor
53:01 Thumb Ring
52:31 Crossbowman
53:59 Ballistics
55:05 Ring Archer Armor
56:26 Conscription
KoolarSmith
8:32 Loom
14:47 Feudal Age
21:18 Castle Age
22:31 Fletching
27:47 Pikeman
30:59 Double-Bit Axe
32:09 Gold Mining
38:16 Wheelbarrow
38:10 Squires
38:55 Horse Collar
40:33 Heavy Plow
41:30 Arson
44:24 Imperial Age
42:02 Bodkin Arrow
42:59 Scale Mail Armor
43:10 Forging
44:47 Elite Fire Lancer
46:56 Chain Mail Armor
48:20 Gold Shaft Mining
49:19 Chemistry
48:40 Ballistics
50:08 Plate Mail Armor
50:14 Iron Casting
50:53 Scale Barding Armor
51:51 Hand Cart
51:57 Bow Saw
54:51 Halberdier
57:38 Chain Barding Armor
59:09 Elite War Wagon
SleepyDango
6:33 Loom
14:10 Feudal Age
14:45 Double-Bit Axe
14:42 Horse Collar
19:57 Castle Age
18:21 Stone Mining
20:23 Bloodlines
21:54 Scale Barding Armor
26:14 Fletching
26:24 Padded Archer Armor
26:40 Forging
27:37 Chain Barding Armor
28:10 Husbandry
29:58 Wheelbarrow
29:30 Paiks
30:21 Bodkin Arrow
31:23 Padded Archer Armor
34:33 Ballistics
36:40 Leather Archer Armor
37:00 Iron Casting
40:53 Imperial Age
40:08 Hand Cart
41:14 Iron Casting
42:12 Conscription
42:18 Masonry
43:09 Chemistry
45:18 Bracer
45:48 Ring Archer Armor
46:00 Town Watch
46:08 Elite Skirmisher
57:54 Crossbowman
Connection lost

Rejoining the realm…

Still unreachable

The connection could not be restored.

Session expired

The server has moved on; the page needs a fresh start.